 Dungeon Crawl Stone Soup version 0.17.1-3-g152610e (webtiles) character file.

1818 MrTails the Chopper (level 9, -1/56 HPs)
             Began as a Gargoyle Fighter on Feb 24, 2016.
             Slain by a killer bee (2 damage)
             ... on level 7 of the Dungeon.
             The game lasted 00:11:44 (4819 turns).

MrTails the Chopper (Gargoyle Fighter)              Turns: 4819, Time: 00:11:44

Health: -1/56      AC: 31    Str: 23    XL:     9   Next: 10%
Magic:  9/9        EV:  5    Int: 12    God:
Gold:   260        SH: 11    Dex:  9    Spells: 0 memorised, 8 levels left

rFire  . . .     SeeInvis .     a - +0 war axe
rCold  . . .     Clarity  +     v - +8 orange crystal plate armour {Archmagi, Int+3 Clar SustAt}
rNeg   + . .     SustAt   +     c - +1 shield
rPois  ∞         Gourm    .     (no helmet)
rElec  +         Spirit   .     (no cloak)
rCorr  .         Warding  .     (no gloves)
rMut   .         Stasis   .     (no boots)
MR     .....                    (no amulet)
Stlth  ..........               (no ring)
                                h - +3 ring of evasion

@: not resistant to hostile enchantments, extremely unstealthy
A: negative energy resistance 1, electricity resistance, unbreathing,
petrification resistance, rot immunity, AC +5
a: no special abilities


You were on level 7 of the Dungeon.
You were hungry.

You visited 1 branch of the dungeon, and saw 8 of its levels.

You collected 260 gold pieces.

Inventory:

Hand Weapons
 a - a +0 war axe (weapon)
Armour
 b - a +0 scale mail
 c - a +1 shield (worn)
 v - the +8 orange crystal plate armour (worn) {Archmagi, Int+3 Clar SustAt}
   (You found it on level 5 of the Dungeon)

   It affects your intelligence (+3).
   It sustains your strength, intelligence and dexterity.
   It protects you against confusion.
Jewellery
 h - a +3 ring of evasion (left hand)
Wands
 w - a wand of slowing (27)
 B - a wand of magic darts (31)
Scrolls
 i - 4 scrolls of enchant armour
 j - 4 scrolls of teleportation
 k - 2 scrolls of identify
 n - 2 scrolls of remove curse
 r - 2 scrolls of enchant weapon {unknown}
 x - a scroll of amnesia
 y - a scroll of fear {unknown}
 z - 2 scrolls of recharging {unknown}
 D - a scroll of fog
Potions
 d - 2 potions of might
 f - 3 potions of agility {unknown}
 g - a potion of haste {unknown}
 l - a potion of lignification {unknown}
 m - a potion of beneficial mutation {unknown}
 o - 4 potions of curing {unknown}
 p - a potion of invisibility {unknown}
 s - a potion of mutation {unknown}
 t - 2 potions of cancellation {unknown}
 u - a potion of degeneration {unknown}
 A - a potion of resistance {unknown}
 C - a potion of heal wounds {unknown}
Comestibles
 e - 4 bread rations
 q - 3 meat rations


   Skills:
 + Level 6.4 Fighting
 * Level 7.0 Axes
 + Level 6.3 Armour
 + Level 6.4 Shields


You had 8 spell levels left.
You didn't know any spells.

Dungeon Overview and Level Annotations

Branches:
Dungeon (8/15)
 Temple: D:4-7         Lair: D:8-11

Altars:
Dithmenos
Fedhas
Makhleb
Xom
Yredelemnul
The Shining One

Shops:
D:6 :

Annotations:
D:4 MrTails's ghost, amateur GrFi


Innate Abilities, Weirdness & Mutations

You are resistant to torment.
Your stone body is resilient (AC +5).
You are immune to poison.
You resist negative energy.
You are resistant to electric shocks.
You can survive without breathing.
You are immune to petrification.
You are immune to rotting.


Message History

The orc priest shouts!
The orc shouts!
The orc shouts!
Found 34 gold pieces and a glowing pink potion.
There is a stone staircase leading up here.
You block the killer bee's attack. x2
The orc priest hits you but does no damage.
The orc hits you but does no damage.
You climb upwards.
The killer bee stings you but does no damage. x2
There is a stone staircase leading down here.
You slash the orc!
You kill the orc!
Your orange crystal plate armour prevents you from hitting the orc priest.
You hit the killer bee.
The killer bee is heavily wounded.
You slash the killer bee!
The killer bee is heavily wounded.
The killer bee stings you but does no damage.
You block the killer bee's attack. x3
The killer bee stings you.
You die...

.(###### ..###
....##############
....o..z.........# #####
....##.##.#.####.# #...
..####.##.#..###.######.####.#
..# #........o.........<....#
..# #.#.....#yyyo......######
... ...........#@########
.............###)#
.#####......## #.# #..#...#
#.# #.....## #.# #...... ..#
... ###


You could see an orc warrior, 3 killer bees and an orc priest.

Vanquished Creatures
  Menkaure (D:5)
  2 ogres
  2 orc warriors (D:6)
  A phantom (D:5)
  A giant frog (D:6)
  A centaur (D:6)
  2 killer bees (D:7)
  3 hounds
  A giant frog zombie (D:5)
  2 jellies
  3 crimson imps
  A wasp zombie (D:7)
  6 orc priests
  Jessica (D:3)
  An iguana (D:7)
  3 orc wizards
  7 worker ants
  A worker ant zombie (D:7)
  9 adders
  A shadow imp (D:6)
  An adder skeleton (D:5)
  2 worms (D:2)
  3 giant geckos
  21 orcs
  A ball python (D:5)
  10 bats
  4 giant cockroaches
  6 hobgoblins
  9 jackals
  6 quokkas
  A giant gecko zombie (D:6)
  7 giant newts
  6 goblins
  A goblin skeleton (D:5)
  2 goblin zombies (D:5)
  3 hobgoblin zombies (D:5)
  5 kobolds
  A kobold zombie (D:5)
  2 orc skeletons (D:5)
  An orc zombie (D:5)
  9 rats
150 creatures vanquished.

Vanquished Creatures (others)
  An orc wizard (D:6)
1 creature vanquished.

Grand Total: 151 creatures vanquished

Notes
Turn   | Place    | Note
--------------------------------------------------------------
     0 | D:1      | MrTails the Gargoyle Fighter began the quest for the Orb.
     0 | D:1      | Reached XP level 1. HP: 14/14 MP: 1/1
   144 | D:1      | Reached XP level 2. HP: 14/19 MP: 2/2
   625 | D:2      | Reached XP level 3. HP: 15/23 MP: 3/3
   636 | D:2      | Found a shimmering altar of Xom.
   638 | D:2      | Found a shimmering altar of Xom.
   638 | D:2      | Found a shimmering altar of Xom.
   638 | D:2      | Found a shimmering altar of Xom.
   638 | D:2      | Found a shimmering altar of Xom.
  1309 | D:2      | Reached XP level 4. HP: 28/28 MP: 4/4
  1319 | D:2      | Found a blossoming altar of Fedhas.
  1389 | D:2      | Reached skill level 4 in Shields
  1500 | D:3      | Noticed Jessica
  1514 | D:3      | Killed Jessica
  1527 | D:3      | Found a burning altar of Makhleb.
  1539 | D:3      | Reached XP level 5. HP: 23/33 MP: 5/5
  1607 | D:3      | Found a shadowy altar of Dithmenos.
  2010 | D:4      | Found a basalt altar of Yredelemnul.
  2018 | D:4      | Noticed MrTails's ghost (amateur GrFi)
  2299 | D:4      | Reached XP level 6. HP: 38/38 MP: 6/6
  2806 | D:5      | Entered Level 5 of the Dungeon
  2921 | D:5      | Reached XP level 7. HP: 41/44 MP: 7/7
  2929 | D:5      | Noticed Menkaure
  2935 | D:5      | Reached skill level 5 in Shields
  2940 | D:5      | Killed Menkaure
  2940 | D:5      | Reached skill level 5 in Fighting
  2940 | D:5      | Reached skill level 5 in Armour
  3215 | D:5      | Found a glowing golden altar of the Shining One.
  3231 | D:5      | Reached skill level 5 in Axes
  3478 | D:6      | Found Agroteod's Book Boutique.
  3488 | D:6      | Reached XP level 8. HP: 50/50 MP: 8/8
  3840 | D:6      | Reached skill level 6 in Axes
  4180 | D:6      | Noticed a hill giant
  4666 | D:7      | Reached XP level 9. HP: 55/55 MP: 9/9
  4743 | D:7      | Reached skill level 7 in Axes
  4781 | D:7      | HP: 1/56 [killer bee (3)]
  4815 | D:7      | HP: 1/56 [killer bee (3)]
  4819 | D:7      | Slain by a killer bee

Action                   |  1- 3 |  4- 6 |  7- 9 || total
-------------------------+-------+-------+-------++-------
Melee: War axe           |   150 |   173 |   260 ||   583
  Use: Scroll            |       |       |     8 ||     8
  Eat: Chunk             |     2 |     5 |     6 ||    13
